 Dungeon Crawl Stone Soup version 0.19.0-2-gae57169 (webtiles) character file.

342 kae the Carver (level 6, -6/39 HPs)
             Began as a High Elf Gladiator on Nov 4, 2016.
             Was an Initiate of Dithmenos.
             Killed from afar by an orc wizard (7 damage)
             ... with a magic dart
             ... on level 4 of the Dungeon.
             The game lasted 00:02:50 (3329 turns).

kae the Carver (High Elf Gladiator)                 Turns: 3329, Time: 00:02:50

Health: -6/39      AC:  5    Str: 14    XL:     6   Next: 30%
Magic:  7/7        EV: 13    Int: 12    God:    Dithmenos [......]
Gold:   228        SH:  0    Dex: 18    Spells: 0 memorised, 5 levels left

rFire  + . .     SeeInvis .     a - +0 long sword
rCold  + . .     Gourm    .     v - +0 leather armour {rC+}
rNeg   . . .     Faith    .     (no shield)
rPois  .         Spirit   .     c - +0 helmet
rElec  .         Reflect  .     k - +0 cloak
rCorr  .         Harm     .     (no gloves)
MR     .....                    (no boots)
Stlth  +.........               (no amulet)
                                (no ring)
                                m - ring of protection from fire

@: no status effects
A: no striking features
a: Renounce Religion


You were on level 4 of the Dungeon.
You worshipped Dithmenos.
Dithmenos was noncommittal.
You were not hungry.

You visited 1 branch of the dungeon, and saw 4 of its levels.

You collected 228 gold pieces.

Inventory:

Hand Weapons
 a - a +0 long sword (weapon)
Missiles
 d - 3 throwing nets (quivered)
Armour
 c - a +0 helmet (worn)
 k - a +0 cloak (worn)
 v - a +0 leather armour of cold resistance (worn)
Rods
 b - a +0 rod of shadows (11/11)
   (You found it on level 3 of the Dungeon)
Jewellery
 m - a ring of protection from fire (left hand)
Scrolls
 e - a scroll of remove curse
 o - a scroll of teleportation
 r - a scroll of immolation
Potions
 g - 2 potions of curing
 h - a potion of cure mutation
 l - a potion of degeneration
 n - 2 potions of lignification
 p - a potion of berserk rage {unknown}
 t - a potion of brilliance {unknown}
 u - 2 potions of flight
Comestibles
 f - 3 bread rations
 i - 3 beef jerkies
 j - a chunk of flesh
 q - a meat ration


   Skills:
 - Level 2.0 Fighting
 + Level 8.6 Long Blades
 - Level 2.0 Throwing
 - Level 3.2 Dodging


You had 5 spell levels left.
You didn't know any spells.

Dungeon Overview and Level Annotations

Branches:
Dungeon (4/15)
 Temple: D:4-7

Altars:
Ashenzari
Dithmenos
Hepliaklqana
Qazlal
Yredelemnul
The Shining One

Annotations:
D:3 2 runed doors


Message History

The orc wizard gestures at you while chanting.
The magic dart hits you!
The orc wizard gestures at you while chanting.
The magic dart hits you!
* * * LOW HITPOINT WARNING * * *
The orc wizard hits you but does no damage.
The orc wizard gestures wildly while chanting.
The orc wizard blinks!
You hit the orc wizard.
The orc wizard is almost dead.
The orc wizard hits you with a dagger.
* * * LOW HITPOINT WARNING * * *
The orc wizard points at you and mumbles some strange words.
The magic dart hits you!
* * * LOW HITPOINT WARNING * * *
You hit the orc wizard but do no damage.
The orc wizard is almost dead.
The orc wizard casts a spell at you. The magic dart hits you!
You die...

###### #...# )....# #...#
###..# #...# #..# #...#
##.## #...# #..# #...#
#..# #...#
#..########.o@###
#.....#..).[....#
###.#.#.###...#.#######
#...#.# #####..[....#
##..#.# #..####.#
#######..#.#######....
......).................
########.#.####.##.......#
#.#.# ..###....


You could see an orc wizard.

Vanquished Creatures
  Duvessa (D:4)
  Dowan (D:4)
  2 iguanas (D:4)
  Ijyb (D:2)
  4 adders
  2 worms (D:2)
  A dart slug (D:2)
  2 leopard geckos (D:1)
  3 orcs (D:4)
  9 bats
  5 giant cockroaches
  4 goblins
  6 hobgoblins
  4 jackals (D:3)
  A ball python (D:2)
  4 frilled lizards
  6 kobolds
  5 rats
61 creatures vanquished.

Notes
Turn   | Place    | Note
-------+----------+-------------------------------------------
     0 | D:1      | kae the High Elf Gladiator began the quest for the Orb.
     0 | D:1      | Reached XP level 1. HP: 14/14 MP: 2/2
   201 | D:1      | Reached skill level 4 in Long Blades
   251 | D:1      | Reached XP level 2. HP: 17/19 MP: 3/3
   613 | D:2      | Reached skill level 5 in Long Blades
   647 | D:2      | Reached XP level 3. HP: 21/24 MP: 4/4
   934 | D:2      | Found a hazy altar of Hepliaklqana.
   935 | D:2      | Found a basalt altar of Yredelemnul.
   935 | D:2      | Found a shadowy altar of Dithmenos.
   935 | D:2      | Found a shattered altar of Ashenzari.
   986 | D:2      | Became a worshipper of Dithmenos the Shadowed
  1263 | D:2      | Found a stormy altar of Qazlal.
  1366 | D:2      | Reached XP level 4. HP: 28/29 MP: 5/5
  1396 | D:2      | Noticed Ijyb
  1426 | D:2      | Killed Ijyb
  1426 | D:2      | Reached skill level 6 in Long Blades
  1923 | D:3      | Found a glowing golden altar of the Shining One.
  1923 | D:3      | Found a runed door.
  1923 | D:3      | Noticed an angel
  2630 | D:3      | Found a runed door.
  2967 | D:4      | Reached skill level 7 in Long Blades
  2967 | D:4      | Reached XP level 5. HP: 22/34 MP: 6/6
  3231 | D:4      | Noticed Duvessa
  3231 | D:4      | Noticed Dowan
  3252 | D:4      | Killed Duvessa
  3252 | D:4      | Reached skill level 8 in Long Blades
  3252 | D:4      | Reached XP level 6. HP: 33/39 MP: 7/7
  3269 | D:4      | Killed Dowan
  3328 | D:4      | HP: 1/39 [orc wizard/magic dart (8)]
  3329 | D:4      | Killed from afar by an orc wizard

Skill      XL: |  1  2  3  4  5 |
---------------+----------------+-----
Long Blades    | 4 5 7 8 |  8.6
Fighting       | |  2.0
Throwing       | |  2.0
Dodging        | |  3.2

Action                   |  1- 3 |  4- 6 || total
-------------------------+-------+-------++-------
Melee: Long sword        |    87 |   106 ||   193
  Use: Scroll            |       |     9 ||     9
       Potion            |       |     3 ||     3
 Stab: Sleeping          |       |     1 ||     1
  Eat: Chunk             |     1 |     7 ||     8
Armor: Leather armour    |    25 |    26 ||    51
       Skin              |       |    36 ||    36
Dodge: Dodged            |    66 |    56 ||   122
       Rpst.: Long sword |    29 |    20 ||    49
